[Event "*** SCC Grand Prix: Titled Tuesday Blitz"]
[Site "Chess.com"]
[Date "2020.06.09"]
[Round "5"]
[White "Twitch_ElhamBlitz05"]
[Black "DivyaDeshmukh23"]
[Result "1-0"]
[WhiteElo "2734"]
[BlackElo "2455"]
[TimeControl "180+1"]
[EndTime "9:58:50 PDT"]
[Termination "Twitch_ElhamBlitz05 won on time"]

1. e4 c5 2. Nf3 d6 3. d4 cxd4 4. Nxd4 Nf6 5. f3 Nc6 6. c4 e5 7. Nc2 Be6 8. Nc3 Be7 9. Be3 Rc8 10. Qd2 O-O 11. Be2 Nd7 12. O-O Re8 13. Rfd1 Bf8 14.
Rac1 a5 15. Na3 Nc5 16. Nab5 Qh4 17. Bf2 Qh5 18. Nxd6 Bxd6 19. Qxd6 b6 20. Qd2 Red8 21. Qe1 Nd4 22. Nd5 Bxd5 23. cxd5 f5 24. Bxd4 exd4 25.
Rxd4 fxe4 26. fxe4 Qe5 27. Rdd1 Re8 28. Bf3 Qxb2 29. Qd2 Qf6 30. d6 Rcd8 31. Qd5+ Kh8 32. Qc6 Nd7 33. Rf1 Ne5 34. Qxb6 Rxd6 35. Qxa5 Nxf3+ 36. Rxf3 Qd4+ 37. Kh1 Qxe4 38. Rcf1 h6 39. Qh5 Rde6 40. h3 Qc4 41. Rf8+ Rxf8 42. Rxf8+ Kh7 43.
Qf5+ Rg6 44. Qf7 Qxf7 45. Rxf7 Ra6 46. Rf2 Ra3 47. Kg1 Kg6 48. Kf1 Ra4 49. Ke1 Kg5 50.
Kd1 Kh4 51. Kc1 Kg3 52. Re2 g5 53. Kb2 h5 54. Kb3 Ra8 55. a4 g4 56. hxg4 hxg4 57. Kb4 Rd8 58. a5 Rd1 59. a6 Ra1 60. Kb5 Kh2 61.
Kb6 g3 62. a7 Rb1+ 63. Kc7 Ra1 64. Kb8 Rb1+ 65. Ka8 Kg1 66. Rd2 Rb3 67. Rc2 Kf1 68. Rd2 Kg1 69. Rd7 Kxg2 70. Rb7 Ra3 71. Kb8 Kh2 72. Rb2+ g2 73. a8=Q Rxa8+ 74. Kxa8 Kh1 75. Rb8 g1=Q 76. Rh8+ Qh2 77. Rxh2+ 1-0

[Event "*** SCC Grand Prix: Titled Tuesday Blitz"]
[Site "Chess.com"]
[Date "2020.06.09"]
[Round "5"]
[White "2346PL"]
[Black "IwkooO"]
[Result "1-0"]
[WhiteElo "2419"]
[BlackElo "2576"]
[TimeControl "180+1"]
[EndTime "9:58:54 PDT"]
[Termination "2346PL won by resignation"]

1. d4 Nf6 2. Bg5 e6 3. e3 h6 4.
Bh4 c5 5. c3 b6 6. Nf3 Bb7 7.
Nbd2 Be7 8. Bd3 d6 9. Qe2 Nbd7 10. O-O cxd4 11. exd4 Nd5 12. Bg3 O-O 13. h3 N7f6 14.
Rfe1 a6 15. a4 Qd7 16. Nc4 Qc7 17. Nfd2 b5 18. Ne3 Nxe3 19. fxe3 bxa4 20. Rxa4 a5 21. e4 e5 22. d5 Nd7 23. Raa1 Nc5 24. Bc4 a4 25.
Bf2 Rfb8 26. Ra2 Bc8 27. Bb5 Ba6 28. Bxa6 Rxa6 29. Rea1 Rab6 30. Nc4 Rb3 31. Kh2 f5 32. exf5 R3b5 33. Ne3 Nb3 34. Rxa4 Nxa1 35. Rxa1 Bg5 36. Ra2 Bxe3 37. Bxe3 Rxd5 38. c4 Ra5 39. Rxa5 Qxa5 40. Qd3 Qc7 41. f6 gxf6 42. Bxh6 Qh7 43. Qd5+ Kh8 44.
Qxd6 Qg8 45. Qxf6+ Kh7 46. Bc1 Qg6 47. Qxe5 Re8 48.
Qc7+ Kg8 49. Bf4 Re2 50. Bg3 Qc2 51. Qd8+ Kf7 52. Qd7+ Kg6 53. Qg4+ Kf7 54. Bd6 Qxb2 55. c5 Qd2 56. h4 Qd3 57. h5 Re4 58. Qf5+ Ke8 59.
Qg6+ Kd7 60. Qf7+ Kc6 61. Qc7+ Kd5 62. Qb7+ Ke6 63. Qe7+ Kd5 64. Qg5+ Kc6 65. h6 Qd5 66. Qxd5+ Kxd5 67. Kh3 Re1 68. h7 Re8 69. g4 Rh8 70. g5 Rxh7+ 71. Kg4 Rg7 72. Kf5 Rf7+ 73. Kg6 Rf1 74.
Kg7 Rg1 75. g6 Rg2 76. Kf7 Kc6 77. g7 Rf2+ 78. Kg6 Rg2+ 79. Kf6 Rf2+ 80. Ke7 Rg2 81. Kf8 Rf2+ 82. Kg8 Rg2 83. Kh7 Rxg7+ 84. Kxg7 Kd5 85.
Kf6 1-0

[Event "*** SCC Grand Prix: Titled Tuesday Blitz"]
[Site "Chess.com"]
[Date "2020.06.09"]
[Round "5"]
[White "Papa12341234"]
[Black "Alex_Banzea"]
[Result "0-1"]
[WhiteElo "2584"]
[BlackElo "2444"]
[TimeControl "180+1"]
[EndTime "9:59:06 PDT"]
[Termination "Alex_Banzea won by checkmate"]

1. e4 c6 2. d4 d5 3. Nc3 dxe4 4. Nxe4 Nf6 5. Ng3 h5 6. h4 Qc7 7. Nf3 Bg4 8. Be2 Nbd7 9. Ng5 e6 10. Bxg4 hxg4 11.
Be3 Bd6 12. N3e4 Nxe4 13. Nxe4 Bf4 14. Qxg4 Bxe3 15. fxe3 f5 16. Qg6+ Kd8 17. Qxg7 Re8 18. Nc3 Qd6 19. O-O-O Kc7 20. Qg5 Rg8 21. Qf4 Rxg2 22.
Qxd6+ Kxd6 23. e4 Rh8 24. Rdf1 Rg4 25. exf5 exf5 26. Rxf5 Rhxh4 27. Rxh4 Rxh4 28. Ne2 Ke6 29. Rf1 Rh2 30. Kd2 Nb6 31. Kd3 Nd5 32. Nf4+ Nxf4+ 33. Rxf4 Rh3+ 34. Ke2 Rh2+ 35. Rf2 Rh7 36. Kd2 Kd6 37. c3 Kc7 38. Kd3 Rh3+ 39. Kc4 Rh5 40. a4 Rh7 41. b4 Rg7 42. Rf6 Rh7 43. a5 a6 44. Rg6 Rh5 45. Rg7+ Kb8 46. Rd7 Ka7 47. d5 cxd5+ 48. Rxd5 Rh4+ 49. Rd4 Rh5 50. Rd5 Rh4+ 51. Kc5 Rh3 52. c4 Rh6 53. Rd6 Rh5+ 54. Rd5 Rh6 55. b5 axb5 56. cxb5 b6+ 57. axb6+ Rxb6 58. Rd7+ Rb7 59.
b6+ Ka6 60. Rd1 Rxb6 61. Ra1+ Kb7 62. Rf1 Rc6+ 63. Kb5 Rb6+ 64. Kc5 Rc6+ 65. Kd5 Rb6 66. Rf7+ Ka6 67. Kc5 Rb5+ 68. Kc4 Rb6 69. Rf8 Kb7 70.
Kc5 Rc6+ 71. Kd5 Rc7 72. Rd8 Re7 73. Kd6 Rc7 74. Rh8 Rg7 75. Rh2 Kb6 76. Rb2+ Ka5 77. Kc5 Rg5+ 78. Kc4 Rg4+ 79. Kc5 Rg5+ 80. Kd4 Rg4+ 81. Ke5 Rg5+ 82. Kf4 Rh5 83. Rb8 Rb5 84. Ke4 Rxb8 85. Kd5 Kb5 86. Kd6 Rc8 87. Kd7 Rc1 88.
Kd6 Rc2 89. Ke5 Kc5 90. Ke4 Rd2 91. Ke3 Rd8 92. Ke4 Rd7 93. Ke3 Kc4 94. Ke4 Re7+ 95. Kf5 Re1 96. Kf4 Kd3 97. Kf3 Rf1+ 98. Kg2 Rf8 99.
Kg3 Ke4 100. Kg4 Rg8+ 101. Kh5 Kf5 102. Kh6 Rg1 103. Kh7 Kf6 104. Kh8 Kf7 105. Kh7 Rh1# 0-1

[Event "*** SCC Grand Prix: Titled Tuesday Blitz"]
[Site "Chess.com"]
[Date "2020.06.09"]
[Round "5"]
[White "Dmitry_Konenkin"]
[Black "Nbk90"]
[Result "1/2-1/2"]
[WhiteElo "2389"]
[BlackElo "2539"]
[TimeControl "180+1"]
[EndTime "9:59:06 PDT"]
[Termination "Game drawn by stalemate"]

1. d4 Nf6 2. Bg5 Ne4 3. Bh4 c5 4. f3 Qa5+ 5. c3 Nf6 6. dxc5 Qxc5 7. Bf2 Qc7 8. e4 d6 9. Bd3 g6 10. Ne2 Bg7 11. O-O Nc6 12. Na3 O-O 13. Rc1 b6 14. Nd4 Bb7 15. Qd2 Rfd8 16. Rfd1 d5 17. Nab5 Qb8 18. Nxc6 Bxc6 19. Nd4 Ba4 20. b3 Be8 21. Bg3 e5 22. Qe2 Nh5 23. Nc2 Bc6 24. exd5 Bxd5 25. Be4 Bxe4 26. fxe4 Nxg3 27. hxg3 Bh6 28.
Rxd8+ Qxd8 29. Rd1 Qc7 30. Qf3 Rd8 31. c4 Kg7 32. Kh2 Bg5 33. Nb4 h5 34. Nd5 Qc5 35.
Rf1 Rd7 36. g4 h4 37. Qc3 Qd4 38. Qxd4 exd4 39. Rd1 Bf6 40. g3 Be5 41. Kg2 hxg3 42.
Kf3 f6 43. Nf4 Kf7 44. Ne2 Rd8 45. Nxg3 Rh8 46. Ne2 Rh3+ 47. Kf2 Rh2+ 48. Kf3 Rh3+ 49. Kf2 d3 50. Ng1 Rh2+ 51. Ke3 Rh3+ 52. Kf2 Rh2+ 53.
Ke3 Rxa2 54. Rxd3 Ke6 55. Nf3 Bd6 56. Nd4+ Kf7 57. Nc6 Bc5+ 58. Kf3 Rf2+ 59. Kg3 Rb2 60. e5 fxe5 61. Nxe5+ Kf6 62. Nf3 Kf7 63. g5 Be7 64. Kf4 Ke6 65. Ke4 Bd6 66. Nd4+ Ke7 67. Rh3 Rf2 68.
Rh7+ Ke8 69. Rxa7 Be7 70. Rb7 Rf1 71. Rxb6 Re1+ 72. Kd5 Bxg5 73. Rxg6 Be7 74. Re6 Rd1 75. c5 Kd7 76. Re4 Bd8 77. b4 Kc8 78. b5 Rb1 79. b6 Bxb6 80. cxb6 Rxb6 81. Re7 Rh6 82. Nc6 Rh5+ 83. Kd6 Rd5+ 84. Ke6 Rd6+ 85. Kxd6 1/2-1/2

[Event "*** SCC Grand Prix: Titled Tuesday Blitz"]
[Site "Chess.com"]
[Date "2020.06.09"]
[Round "5"]
[White "GoltsevDmitry2000"]
[Black "sergiochess83"]
[Result "0-1"]
[WhiteElo "2624"]
[BlackElo "2833"]
[TimeControl "180+1"]
[EndTime "9:59:07 PDT"]
[Termination "sergiochess83 won on time"]

1. e4 c6 2. Nf3 d5 3. exd5 cxd5 4. b3 Nc6 5. Bb2 Bg4 6. Be2 e6 7. h3 Bh5 8. Ne5 Bxe2 9. Qxe2 Nf6 10. O-O Rc8 11. Nxc6 Rxc6 12. Qb5 Qc7 13. Bxf6 gxf6 14. Re1 Bc5 15. Nc3 O-O 16. Qd3 Qf4 17. Nd1 Rfc8 18. c3 f5 19. Ne3 Bf8 20. Nf1 a6 21. Qg3+ Qxg3 22. Nxg3 Bh6 23. Nf1 f6 24. Re2 Kf7 25. Rae1 b5 26. Ne3 a5 27. Nc2 e5 28. b4 Ra8 29. bxa5 Rxa5 30. Nb4 Rd6 31. d4 e4 32. Rb2 Bg5 33. Reb1 Ke6 34. Nc2 Bd2 35. Rxb5 Rxa2 36. Nb4 Ra4 37. Rb7 Bxc3 38. Nc2 f4 39.
Rxh7 Ra2 40. Ne1 Ra1 41. Rxa1 Bxa1 42. Nc2 Bc3 43. Rc7 Bd2 44. h4 Rb6 45. Kf1 Rb2 46. Ke2 Ba5 47. Rc5 Bb6 48. Rc6+ Kf5 49. h5 Bxd4 50. h6 Be5 51. h7 Rb8 52. Nb4 Rg8 53. Nxd5 Rh8 54. f3 exf3+ 55. gxf3 Rxh7 56. Nc3 Bxc3 57.
Rxc3 Re7+ 58. Kf2 Re5 59. Rc6 Kg5 60. Rc4 Kf5 61. Ra4 Kg5 62. Rc4 Rd5 63. Ra4 Rd2+ 64. Ke1 Rb2 65. Ra5+ Kh4 66. Rf5 Kg3 67. Rxf6 Kxf3 68.
Ra6 Rb1+ 69. Kd2 Kf2 70. Rf6 f3 71. Rg6 Rg1 72. Rf6 Ra1 73. Rg6 Kf1 74. Rf6 f2 75.
Ke3 Ra3+ 76. Kd2 Ra2+ 77. Kd1 Ra8 78. Rg6 Rd8+ 79. Kc2 Rd4 80. Kc1 Ke2 81. Re6+ Kf3 82. Rf6+ Rf4 0-1

[Event "*** SCC Grand Prix: Titled Tuesday Blitz"]
[Site "Chess.com"]
[Date "2020.06.09"]
[Round "5"]
[White "Treacherous_horse64"]
[Black "MF1966Idrisov"]
[Result "1-0"]
[WhiteElo "2445"]
[BlackElo "2277"]
[TimeControl "180+1"]
[EndTime "9:59:07 PDT"]
[Termination "Treacherous_horse64 won on time"]

1. d4 d6 2. e4 Nf6 3. Nc3 g6 4. Bc4 Bg7 5. Qe2 e5 6. dxe5 dxe5 7. Nf3 Nbd7 8. O-O O-O 9. Bg5 c6 10. a4 a5 11. Rfd1 Qc7 12. Qd2 Re8 13. Bh6 Nf8 14. Bxg7 Kxg7 15. h3 Be6 16. Qe2 Bxc4 17. Qxc4 Ne6 18. Ne2 Rad8 19. Ng3 h6 20. Qc3 Nf4 21.
Rxd8 Qxd8 22. Nxe5 h5 23. h4 Kg8 24. Re1 Ng4 25. Nxg4 hxg4 26. Qe3 Ne6 27. Qh6 Qf6 28. c3 Rd8 29. e5 Qf4 30. Qxf4 Nxf4 31. Ne4 Rd3 32.
g3 Ne6 33. Re2 Kg7 34. Nf6 Rd1+ 35. Kg2 Nc5 36. Nxg4 Nd3 37. e6 Ne1+ 38. Kh2 fxe6 39. Rxe6 Nf3+ 40. Kg2 Ne1+ 41. Kh3 Nd3 42. Re7+ Kf8 43.
Rxb7 Rd2 44. Kg2 Nxb2 45. Nf6 Nxa4 46. Kf3 Nxc3 47. Kf4 Nd5+ 48. Nxd5 Rxd5 49. f3 a4 50. Ra7 Rd4+ 51. Kg5 Rd3 52. Kg4 Rd4+ 53. f4 Rd5 54. Rxa4 Kg7 55. Ra6 c5 56. Rc6 Kh7 57. Rc7+ Kh6 58.
Kh3 Rd3 59. Kg2 Rd1 60. Kf3 Rd2 61. Rxc5 Rh2 62. Kg4 Rh1 63. Rg5 Kg7 64. f5 Kh7 65. Rxg6 Rf1 66. Rg5 Rf2 67. Kh5 Rf1 68. g4 Rf2 69.
Rg6 Kh8 70. Rb6 Re2 71. Kg6 Re8 72. g5 Rg8+ 73. Kh6 Rf8 74. Rb7 Rd8 75. f6 Kg8 76. g6 Rc8 77. h5 Rd8 78. Rh7 1-0

[Event "*** SCC Grand Prix: Titled Tuesday Blitz"]
[Site "Chess.com"]
[Date "2020.06.09"]
[Round "5"]
[White "albi1999"]
[Black "Man-Chuk"]
[Result "1/2-1/2"]
[WhiteElo "2570"]
[BlackElo "2754"]
[TimeControl "180+1"]
[EndTime "9:59:10 PDT"]
[Termination "Game drawn by stalemate"]

1. d4 Nf6 2. c4 e6 3. Nf3 d5 4. g3 Bb4+ 5. Bd2 Bd6 6. Nc3 c6 7. Qc2 Nbd7 8. e4 dxe4 9. Nxe4 Nxe4 10. Qxe4 O-O 11. Bc3 Re8 12. O-O-O Nf8 13. Bd3 Rb8 14. h4 b5 15. c5 Bc7 16. Ne5 Bxe5 17. Qxe5 Rb7 18.
Be4 Bd7 19. Bxc6 Ng6 20. Qd6 Bxc6 21. Qxc6 Qc8 22. Qxc8 Rxc8 23. b4 Ne7 24. Kb2 Nd5 25. Rhe1 Kf8 26. a3 h5 27. Re5 g6 28. Rde1 Rd7 29. Bd2 Ne7 30. R5e4 Rcd8 31. Bc3 Nd5 32. Ra1 Rb7 33. a4 a5 34. axb5 axb4 35. Bd2 Rxb5 36.
Kb3 Rbb8 37. Ra4 Ra8 38. Rxa8 Rxa8 39. Re1 Ke7 40. Rc1 Kd7 41. Bxb4 Kc6 42. Bd2 Rb8+ 43. Kc2 Ra8 44. Kd3 Ra3+ 45. Ke2 Ne7 46. Be3 Nf5 47. Rb1 Ra6 48. Rb8 Ne7 49. Rf8 f5 50. Rf6 Kd5 51.
Rf7 Nc6 52. Rd7+ Kc4 53. Rd6 Ra2+ 54. Kf3 Nb4 55. Rxe6 Nd5 56. Rxg6 Ra3 57. Rg5 f4 58. gxf4 Ra8 59. Rxh5 Rf8 60. Rg5 Nc3 61. h5 Rh8 62. Kg4 Ne4 63. Re5 Nf6+ 64. Kh4 Kd3 65. c6 Ne4 66. c7 Rc8 67. Rc5 Nxc5 68. dxc5 Rxc7 69. h6 Ke4 70. Kg5 Kd5 71. Kg6 Rc6+ 72. Kg7 Rc7+ 73. Kg6 Rc6+ 74. Kg5 Ke6 75. f5+ Kf7 76. Bd4 Kg8 77.
f6 Rc7 78. Kg6 Rg7+ 79. Kf5 Rd7 80. Be5 Ra7 81. c6 Kf7 82. c7 Ra8 83. h7 Rh8 84. f4 Rc8 85. Ke4 Rh8 86. Kd5 Rc8 87. Kc6 Rh8 88. Kb7 Kg6 89. c8=Q Rxh7+ 90. Kc6 Rf7 91. Qe8 Kh6 92. Qxf7 1/2-1/2

[Event "*** SCC Grand Prix: Titled Tuesday Blitz"]
[Site "Chess.com"]
[Date "2020.06.09"]
[Round "5"]
[White "Oleksandr_Bortnyk"]
[Black "kleinebeer98"]
[Result "1/2-1/2"]
[WhiteElo "2947"]
[BlackElo "2662"]
[TimeControl "180+1"]
[EndTime "9:59:15 PDT"]
[Termination "Game drawn - insufficient material"]

1. d4 d5 2. Bf4 c5 3. e3 cxd4 4.
exd4 Nc6 5. c3 f6 6. Nf3 g5 7. Bg3 Bg7 8. Bb5 h5 9. h4 g4 10. Nh2 Nh6 11. Nd2 Nf5 12. Qc2 Qb6 13. Ba4 Bd7 14. O-O e5 15. Rae1 O-O-O 16. Kh1 e4 17. Bb3 Be8 18. a3 Bg6 19. Nxe4 Nxg3+ 20. fxg3 dxe4 21.
Be6+ Kb8 22. d5 Ne5 23. c4 Nd3 24. Re2 e3 25. Bf5 Bxf5 26. Rxf5 Nf2+ 27. Kg1 Qd4 28.
Nf1 Rhe8 29. b4 Nd1 30. Rf4 Qa1 31. Kh2 Nf2 32. Kg1 Qxa3 33. c5 Rxd5 34. c6 Rc8 35.
Rxe3 Qa1 36. Qxf2 f5 37. Kh2 Bd4 38. cxb7 Kxb7 39. Re7+ Kb8 40. Qe2 Qa4 41. Qe6 Qc6 42. Qxc6 Rxc6 43. Rf7 Rf6 44. Rxf6 Bxf6 45. Ne3 Rd3 46.
Nxf5 Be5 47. Re4 Bc7 48. Re6 Rb3 49. Rh6 Rxb4 50. Rxh5 a5 51. Ne7 Kb7 52. Nd5 Rb5 53. Rg5 a4 54. Nc3 Rxg5 55. hxg5 a3 56. g6 Be5 57. Na2 Kc6 58. Kg1 Kc5 59. Kf2 Kc4 60.
Ke3 Kb3 61. Ke4 Bg7 62. Nc1+ Kb2 63. Nd3+ Kc3 64. Nc1 Kc2 65. Na2 Bf8 66. Kf5 Kb2 67. Nb4 Bxb4 68. g7 a2 69. g8=Q a1=Q 70. Qc4 Bc3 71.
Qe2+ Kb3 72. Kxg4 Qa4+ 73. Kf3 Qd7 74. Qe4 Qf7+ 75. Ke2 Bb4 76. Qf3+ Qxf3+ 77. gxf3 Kc4 78. Ke3 Kd5 79. Kf4 Ke6 80. Kg5 Kf7 81. f4 Bd2 82. Kf5 Kg7 83. Ke4 Be1 84. g4 Bh4 85. Kf5 Bg3 86. Kg5 Bh2 87. Kf5 Bxf4 88. Kxf4 Kf6 89. Kf3 Kg6 90. Kg3 Kg5 91. Kf3 Kg6 92. Kf4 Kf6 93.
g5+ Kg6 94. Kg4 Kg7 95. Kh5 Kh7 96. Kh4 Kg6 97. Kg4 Kg7 98. Kf5 Kf7 99. g6+ Kg7 100. Kg5 Kg8 101. Kf6 Kf8 102. Ke6 Kg7 103. Kf5 Kg8 104. Kf6 Kf8 105. Kg5 Kg7 106. Kh5 Kg8 107. Kh6 Kh8 108. g7+ Kg8 109. Kh5 Kh7 110. g8=Q+ Kxg8 1/2-1/2

[Event "*** SCC Grand Prix: Titled Tuesday Blitz"]
[Site "Chess.com"]
[Date "2020.06.09"]
[Round "5"]
[White "ketster"]
[Black "Leonid_Starozhilov"]
[Result "1/2-1/2"]
[WhiteElo "2461"]
[BlackElo "2705"]
[TimeControl "180+1"]
[EndTime "9:59:21 PDT"]
[Termination "Game drawn by stalemate"]

1. d4 Nf6 2. c4 g6 3. Nc3 Bg7 4. e4 d6 5. Nf3 Bg4 6. h3 Bxf3 7. Qxf3 Nc6 8. d5 Nd4 9. Qd1 c5 10. dxc6 Nxc6 11. Be3 Qa5 12. Qd2 Rc8 13. Rc1 O-O 14. Be2 a6 15. O-O Rfe8 16. f4 b5 17. cxb5 axb5 18.
a3 b4 19. axb4 Qxb4 20. Bf3 Na5 21. Qe2 Nc4 22. Bf2 Qxb2 23. Rc2 Qa3 24. e5 dxe5 25. fxe5 Nxe5 26. Qxe5 Ng4 27. Nb5 Nxe5 28. Nxa3 Nxf3+ 29. gxf3 Ra8 30. Nc4 Rec8 31. Rfc1 Bf6 32. Ne3 Rd8 33. Kg2 h5 34. Rd1 Rxd1 35. Nxd1 e6 36. Ne3 Kg7 37. Nc4 Rd8 38. Rd2 Rc8 39. Nd6 Ra8 40.
Ne4 Be5 41. Rd7 Ra2 42. Rd2 Rxd2 43. Nxd2 g5 44. Be3 Kg6 45. Ne4 f6 46. Bd2 Bc7 47. Nc5 Kf7 48. Kf2 Bd6 49. Be3 f5 50. Ke2 Be7 51.
Bg1 g4 52. hxg4 hxg4 53. f4 Bd6 54. Nd3 Kf6 55. Bd4+ Kg6 56. Kf2 Kh5 57. Kg3 Kg6 58.
Ne5+ Kh7 59. Kh4 Be7+ 60. Kh5 Bf6 61. Bf2 Kg7 62. Bg3 Be7 63. Nc6 Bd6 64. Ne5 Kf6 65.
Ng6 Bc5 66. Ne5 Bd4 67. Nc6 Be3 68. Kh6 Kf7 69. Ne5+ Ke7 70. Kg6 Bd2 71. Kg7 Bc1 72. Kg6 Kd6 73. Kf6 Kd5 74. Nf7 Ke4 75. Ng5+ Kd5 76.
Nxe6 Ke4 77. Ng5+ Ke3 78. Kxf5 Ke2 79. Kxg4 Bxf4 80. Bxf4 Kd3 81. Nf3 Kc4 82. Kf5 Kb5 83.
Ke5 Kc6 84. Be3 Kb7 85. Nd4 Ka8 86. Kd5 Kb7 87. Bf4 Ka6 88. Nc6 Kb7 89. Kc5 Ka8 90. Be5 Kb7 91. Kd6 Ka8 92. Bd4 Kb7 93. Kd7 Ka8 94. Be3 Kb7 95. Nd8+ Ka8 96. Kc7 1/2-1/2

[Event "*** SCC Grand Prix: Titled Tuesday Blitz"]
[Site "Chess.com"]
[Date "2020.06.09"]
[Round "6"]
[White "smshk35"]
[Black "Slovak_fighter2000"]
[Result "0-1"]
[WhiteElo "2318"]
[BlackElo "2448"]
[TimeControl "180+1"]
[EndTime "10:00:58 PDT"]
[Termination "Slovak_fighter2000 won by resignation"]

1. e4 c5 2. Nf3 Nc6 3. d4 cxd4 4. Nxd4 g6 5. c4 Bg7 6. Nc2 Nf6 7. Nc3 d6 8. f3 O-O 9. Be3 a6 10. Be2 Be6 11. O-O Rc8 12. Rc1 Nd7 13. Qd2 Re8 14.
b3 Qa5 15. a4 Qxc3 0-1

[Event "*** SCC Grand Prix: Titled Tuesday Blitz"]
[Site "Chess.com"]
[Date "2020.06.09"]
[Round "6"]
[White "ditkin25"]
[Black "BronceYSueno"]
[Result "1-0"]
[WhiteElo "2416"]
[BlackElo "2250"]
[TimeControl "180+1"]
[EndTime "10:01:29 PDT"]
[Termination "ditkin25 won by resignation"]

1. e4 c5 2. Nf3 e6 3. Nc3 a6 4. d4 cxd4 5. Nxd4 Qc7 6. Be2 b5 7. O-O Bb7 8. Re1 b4 9. Na4 Bxe4 10. Bf3 Bxf3 11. Qxf3 Nc6 12. Bf4 Bd6 13. Bxd6 Qxd6 14.
Nf5 Qf8 15. Rad1 1-0

[Event "*** SCC Grand Prix: Titled Tuesday Blitz"]
[Site "Chess.com"]
[Date "2020.06.09"]
[Round "6"]
[White "thedjoker98"]
[Black "OdChessWorld"]
[Result "0-1"]
[WhiteElo "2541"]
[BlackElo "2775"]
[TimeControl "180+1"]
[EndTime "10:01:43 PDT"]
[Termination "OdChessWorld won by resignation"]

1. d4 Nf6 2. c4 g6 3. Nc3 Bg7 4.
e4 O-O 5. h3 c5 6. d5 d6 7. Nf3 Na6 8. Be3 Nc7 9. Bd3 a6 10.
a4 Rb8 11. O-O Bd7 12. a5 b5 13. axb6 Rxb6 14. Qc2 Qb8 15. Ra2 Qb7 16. e5 Nfe8 17.
exd6 exd6 18. b3 Rxb3 19. Nb5 Rxd3 0-1

[Event "*** SCC Grand Prix: Titled Tuesday Blitz"]
[Site "Chess.com"]
[Date "2020.06.09"]
[Round "6"]
[White "Angel_Hranitel_37"]
[Black "Kimster98"]
[Result "1-0"]
[WhiteElo "2387"]
[BlackElo "2550"]
[TimeControl "180+1"]
[EndTime "10:01:48 PDT"]
[Termination "Angel_Hranitel_37 won by resignation"]

1. d4 Nf6 2. Nf3 e6 3. g3 b6 4.
Bg2 Bb7 5. O-O Be7 6. c4 O-O 7. Nc3 Ne4 8. Qc2 Nxc3 9. Qxc3 c5 10. Rd1 cxd4 11. Qxd4 Nc6 12. Qxd7 Qxd7 13. Rxd7 Bc8 14. Rc7 Bc5 15. Rxc6 Bb7 16. Rc7 Be4 17. Be3 Bxe3 18.
fxe3 Rfc8 19. Rxc8+ Rxc8 20. b3 1-0

[Event "*** SCC Grand Prix: Titled Tuesday Blitz"]
[Site "Chess.com"]
[Date "2020.06.09"]
[Round "6"]
[White "Saloni1299"]
[Black "Maksimus1998"]
[Result "0-1"]
[WhiteElo "2250"]
[BlackElo "2511"]
[TimeControl "180+1"]
[EndTime "10:01:52 PDT"]
[Termination "Maksimus1998 won by resignation"]

1. e4 c5 2. Nf3 g6 3. d4 cxd4 4. Nxd4 Bg7 5. Nc3 Nc6 6. Be3 Nf6 7. Bc4 O-O 8. Bb3 Qa5 9. O-O d6 10. h3 a6 11. f4 Nxd4 12. Bxd4 Be6 13. e5 dxe5 14. Bxe5 Rad8 15. Qe2 Bxb3 16. axb3 Qb6+ 17. Kh1 Nh5 18. Bxg7 Ng3+ 19. Kh2 Nxe2 0-1

[Event "*** SCC Grand Prix: Titled Tuesday Blitz"]
[Site "Chess.com"]
[Date "2020.06.09"]
[Round "6"]
[White "yobdc"]
[Black "Pomegranate988"]
[Result "1-0"]
[WhiteElo "2273"]
[BlackElo "2557"]
[TimeControl "180+1"]
[EndTime "10:02:08 PDT"]
[Termination "yobdc won by resignation"]

1. e4 c6 2. d4 d5 3. Nc3 dxe4 4. Nxe4 Nf6 5. Nxf6+ exf6 6. Nf3 Bd6 7. Bc4 O-O 8. O-O Be6 9. Bxe6 fxe6 10. Re1 Re8 11. c3 Nd7 12. Qb3 Nf8 13. Qxb7 c5 14. Be3 cxd4 15.
Nxd4 Qa5 16. Qb5 Qc7 17. h3 Rab8 18. Qa4 Rxb2 19. Qxe8 1-0

[Event "*** SCC Grand Prix: Titled Tuesday Blitz"]
[Site "Chess.com"]
[Date "2020.06.09"]
[Round "6"]
[White "alexrustemov"]
[Black "Shivagami"]
[Result "1-0"]
[WhiteElo "2679"]
[BlackElo "2263"]
[TimeControl "180+1"]
[EndTime "10:02:31 PDT"]
[Termination "alexrustemov won by resignation"]

1. d4 Nf6 2. c4 c5 3. Nf3 cxd4 4. Nxd4 d5 5. cxd5 Nxd5 6. e4 Nb6 7. Bb5+ Bd7 8. O-O g6 9. Be3 Bg7 10. Nc3 O-O 11. Rc1 a6 12. Be2 Nc6 13. Nxc6 bxc6 14. Bxb6 1-0

[Event "*** SCC Grand Prix: Titled Tuesday Blitz"]
[Site "Chess.com"]
[Date "2020.06.09"]
[Round "6"]
[White "Ekka83"]
[Black "rugbyclub"]
[Result "1-0"]
[WhiteElo "2401"]
[BlackElo "2124"]
[TimeControl "180+1"]
[EndTime "10:02:43 PDT"]
[Termination "Ekka83 won by resignation"]

1. e4 e5 2. Nf3 Nc6 3. d4 exd4 4. Nxd4 Nf6 5. Nxc6 bxc6 6. e5 Qe7 7. Qe2 Nd5 8.
h4 a5 9. c4 Nb6 10. Nc3 Qe6 11. Qe4 Bb4 12. Bd2 O-O 13. Bd3 g6 14. h5 f5 15.
exf6 Qxf6 16. O-O-O a4 17. hxg6 hxg6 18. Rh6 d5 19.
Rxg6+ Kh8 20. Rh1+ 1-0

[Event "*** SCC Grand Prix: Titled Tuesday Blitz"]
[Site "Chess.com"]
[Date "2020.06.09"]
[Round "6"]
[White "viktorskliarov"]
[Black "ElviraBerend"]
[Result "1-0"]
[WhiteElo "2592"]
[BlackElo "2396"]
[TimeControl "180+1"]
[EndTime "10:02:46 PDT"]
[Termination "viktorskliarov won by resignation"]

1. e4 e5 2. Nc3 Nc6 3. Bc4 Bc5 4. Qg4 g6 5. Qf3 Nf6 6. Nge2 O-O 7. d3 d6 8. Bg5 Kg7 9. Nd5 Nxd5 10. Bxd8 Rxd8 11.
Bxd5 1-0

[Event "*** SCC Grand Prix: Titled Tuesday Blitz"]
[Site "Chess.com"]
[Date "2020.06.09"]
[Round "6"]
[White "StephenDedalus83"]
[Black "albi1999"]
[Result "1-0"]
[WhiteElo "2747"]
[BlackElo "2566"]
[TimeControl "180+1"]
[EndTime "10:02:48 PDT"]
[Termination "StephenDedalus83 won by resignation"]

1. e4 e5 2. Nf3 Nc6 3. Bb5 a6 4. Ba4 d6 5. Bxc6+ bxc6 6. d4 exd4 7. Nxd4 c5 8. Ne2 Nf6 9. Nbc3 Be7 10. Nf4 O-O 11.
O-O Bb7 12. f3 Re8 13. b3 Qd7 14. Bb2 Rad8 15. Qd3 Qc6 16. Rad1 Nd7 17. Ncd5 Bf8 18. Nh5 Ne5 19. Qe3 Kh8 20. Qg5 Qd7 21. Nhf6 gxf6 22.
Nxf6 Be7 23. Bxe5 1-0

[Event "*** SCC Grand Prix: Titled Tuesday Blitz"]
[Site "Chess.com"]
[Date "2020.06.09"]
[Round "6"]
[White "Vaathi_Coming"]
[Black "SoltaniciR"]
[Result "1-0"]
[WhiteElo "2829"]
[BlackElo "2492"]
[TimeControl "180+1"]
[EndTime "10:02:49 PDT"]
[Termination "Vaathi_Coming won by resignation"]

1. e4 c5 2. Nf3 d6 3. Bb5+ Nd7 4. O-O Nf6 5. Re1 a6 6. Bf1 b6 7. c4 Bb7 8. Nc3 e6 9. d4 cxd4 10. Nxd4 Be7 11. f3 O-O 12. Be3 Qc7 13. Rc1 Rac8 14.
b4 Qb8 15. Qb3 Bd8 16. Kh1 Bc7 17. Bg1 Kh8 18. a4 g5 19. Qb2 Rg8 20. b5 Rg6 21.
bxa6 Bxa6 22. Nc6 Qa8 23. Ne7 Kg7 24. Nb5 Bb8 25. Rcd1 Qc6 26. Nxc6 1-0

[Event "*** SCC Grand Prix: Titled Tuesday Blitz"]
[Site "Chess.com"]
[Date "2020.06.09"]
[Round "6"]
[White "VitaliyBernadskiy"]
[Black "Micki-taryan"]
[Result "1-0"]
[WhiteElo "2716"]
[BlackElo "2996"]
[TimeControl "180+1"]
[EndTime "10:03:02 PDT"]
[Termination "VitaliyBernadskiy won by checkmate"]

1. e4 e6 2. d4 d5 3. Nc3 Bb4 4. e5 c5 5. a3 Ba5 6. b4 cxd4 7. Nb5 Bc7 8. f4 Ne7 9. Nf3 Nbc6 10. Bd3 Bd7 11. O-O a6 12. Nxc7+ Qxc7 13. Bb2 O-O-O 14.
Bxd4 Nxd4 15. Nxd4 Qb6 16. c3 Kb8 17. Kh1 Rc8 18.
Qd2 Ba4 19. f5 exf5 20. Nxf5 Nxf5 21. Rxf5 Rc7 22. Raf1 Qe6 23. Qg5 Rxc3 24. Qxg7 Rhc8 25. Rxf7 Bc6 26. Bf5 Qe8 27. Bxc8 d4 28. Rxb7+ Kxc8 29. Qc7# 1-0

[Event "*** SCC Grand Prix: Titled Tuesday Blitz"]
[Site "Chess.com"]
[Date "2020.06.09"]
[Round "6"]
[White "letsgoband"]
[Black "attack2mateU"]
[Result "1-0"]
[WhiteElo "2450"]
[BlackElo "2701"]
[TimeControl "180+1"]
[EndTime "10:03:04 PDT"]
[Termination "letsgoband won by resignation"]

1. e4 c5 2. Nf3 d6 3. d4 cxd4 4. Nxd4 Nf6 5. Nc3 a6 6. Bg5 e6 7. f4 Be7 8. Qf3 Nbd7 9. O-O-O b5 10. e5 dxe5 11. fxe5 Nd5 12. Bxe7 Qxe7 13. Nxd5 exd5 14. Qxd5 Ra7 15. e6 fxe6 16. Nxe6 Bb7 17. Qd4 Qxe6 18.
Qxa7 Bd5 19. Bxb5 1-0

[Event "*** SCC Grand Prix: Titled Tuesday Blitz"]
[Site "Chess.com"]
[Date "2020.06.09"]
[Round "6"]
[White "Jungle_Jaguar"]
[Black "LisikValera"]
[Result "1-0"]
[WhiteElo "2613"]
[BlackElo "2469"]
[TimeControl "180+1"]
[EndTime "10:03:09 PDT"]
[Termination "Jungle_Jaguar won by resignation"]

1. e4 e6 2. d4 d5 3. Nc3 Bb4 4. e5 Ne7 5. a3 Bxc3+ 6. bxc3 c5 7. h4 b6 8. h5 h6 9. Nf3 Ba6 10. Bxa6 Nxa6 11. Qe2 Nc7 12. a4 Qc8 13. Ba3 Qa6 14.
dxc5 Qxe2+ 15. Kxe2 bxc5 16. Bxc5 Nc6 17. Rhb1 Kd7 18. Rb7 Rhb8 19. Rab1 Rxb7 20. Rxb7 Kc8 21. Rb1 Rb8 22. Rxb8+ Kxb8 23. Bd6 Kc8 24. Nd4 Nd8 25. Bf8 Ne8 26. Nb5 a6 27. Nd6+ Nxd6 28. exd6 Kd7 29. Bxg7 Kxd6 30. Bxh6 Ke5 31. Bg7+ f6 32. h6 Kf5 33. h7 1-0